 Dungeon Crawl Stone Soup version 0.29.1-4-g47bece8355 (webtiles) character file.

Game seed: 2114079063465558461

276 rakiston the Chopper (level 6, -3/56 HPs)
             Began as a Minotaur Berserker on Dec 8, 2022.
             Was a Priest of Trog.
             Shot with an arrow by a centaur (7 damage)
             ... on level 5 of the Dungeon.
             The game lasted 00:17:31 (3076 turns).

rakiston the Chopper (Minotaur Berserker)           Turns: 3076, Time: 00:17:32

Health: -3/56      AC:  6    Str: 27    XL:     6   Next: 4%
Magic:  0/5        EV: 11    Int:  3    God:    Trog [***...]
Gold:   198        SH:  0    Dex:  9    Spells: 5/5 levels left

rFire   . . .      SeeInvis .   a - +0 hand axe
rCold   . . .      Faith    .   (no shield)
rNeg    . . .      Spirit   +   n - +1 ring mail {rPois}
rPois   +          Reflect  .   (helmet restricted)
rElec   .          Harm     .   (no cloak)
rCorr   .          Rampage  .   (no gloves)
Will    .....      Clarity  +   (no boots)
Stlth   ..........              q - amulet of guardian spirit
HPRegen 0.18/turn               (no ring)
MPRegen 0.09/turn               (no ring)

@: on berserk cooldown, slowed, very slow
A: horns 2, retaliatory headbutt, clarity, strong 1, wild magic 1
a: Renounce Religion, Berserk, Trog's Hand


You were on level 5 of the Dungeon.
You worshipped Trog.
Trog was most pleased with you.
You visited 1 branch of the dungeon, and saw 5 of its levels.

You collected 198 gold pieces.

Inventory:

Hand Weapons
 a - a +0 hand axe (weapon)
Missiles
 s - 6 poisoned darts (quivered)
Armour
 b - a +0 animal skin
 f - a +0 leather armour
 n - a +1 ring mail of poison resistance (worn)
Jewellery
 q - an amulet of guardian spirit (around neck)
Scrolls
 e - 4 scrolls of noise
 k - a scroll of poison
 l - a scroll of vulnerability
 p - a scroll of brand weapon {unknown}
 t - a scroll of enchant armour {unknown}
 u - a scroll of summoning {unknown}
Potions
 c - a potion of resistance
 g - 2 potions of mutation
 h - a potion of berserk rage
 i - a potion of curing
 j - a potion of heal wounds {unknown}
 o - a potion of cancellation {unknown}


   Skills:
 + Level 5.5 Fighting
 + Level 6.7 Axes
 - Level 2.7 Armour
 - Level 2.4 Dodging


You had 5 spell levels left.
You didn't know any spells.
Your spell library was empty.

Dungeon Overview and Level Annotations

Branches:
Dungeon (5/15)
 Temple: D:4-7

Altars:
Ashenzari
Kikubaaqudgha
Okawaru
The Shining One

Annotations:
D:2 1 runed translucent door, Crazy Yiuf
D:4 Pikel


Innate Abilities, Weirdness & Mutations

You have a pair of horns on your head.
You reflexively headbutt those who attack you in melee.
You possess an exceptional clarity of mind.
Your muscles are strong. (Str +4, Int/Dex -1)
Your spells are a little harder to cast, but a little more powerful.


Message History

Trog accepts your kill.
The centaur shoots an arrow.
The arrow hits you!
You hear a shout!
Your life force feels restored.
Your Axes skill increases to level 6!
You have reached level 6!
You feel a strong urge to attack something.
You are no longer berserk.
You are exhausted.
You feel yourself slow down.
An orc comes into view. It is wielding a +0 club.
A centaur comes into view.
The centaur shouts!
The centaur wields a +0 shortbow.
The centaur shoots an arrow.
The arrow hits you.
The centaur shoots an arrow.
The arrow hits you but does no damage.
The centaur shoots an arrow.
The arrow hits you!
You hit the scorpion.
The scorpion is moderately wounded.
The scorpion stings you but does no damage.
The centaur shoots an arrow.
The arrow hits you! The scorpion closely misses you. You furiously retaliate!
You headbutt the scorpion. You hit the scorpion.
Your headbutt misses the scorpion.
The scorpion is severely wounded.
The centaur shoots an arrow.
The arrow hits you!
* * * LOW HITPOINT WARNING * * *
The scorpion misses you.
The centaur shoots an arrow.
The arrow hits you.
* * * LOW HITPOINT WARNING * * *
Unknown command.
Blink to where?
Press: ? - help, Dir - move target
As you read the scroll labelled EGA FEHIXT, it crumbles to dust.
It was a scroll of blinking.
The centaur shoots an arrow.
The arrow hits you.
* * * LOW HITPOINT WARNING * * *
You slash the scorpion!
You kill the scorpion!
Trog accepts your kill.
The centaur shoots an arrow.
The arrow hits you!
You die...

#<# #.# #.# #.#
########.#
#......#.#
#......#.#
#......#.# #
#.....@#.#####....
#......†.c§.c.....
#.....>#.#####..c.
######.#....# .
#.#.†..##
#.#.....#
#.#.##)....?S..
#.#.#......#.c#
#.#.....#..#


You could see 2 centaurs.

Vanquished Creatures
  Edmund (D:5)
  A lemure (D:4)
  A scorpion (D:5)
  3 gnolls (D:4)
  5 adders
  2 worms
  2 dart slugs
  An orc (D:3)
  8 ball pythons
  3 endoplasms (D:1)
  4 giant cockroaches
  4 goblins
  9 hobgoblins
  6 jackals
  7 kobolds
  2 quokkas (D:1)
  7 bats
  5 frilled lizards
  8 rats
79 creatures vanquished.

Notes
Turn   | Place    | Note
-------+----------+-------------------------------------------
     0 | D:1      | rakiston the Minotaur Berserker began the quest for the
                  | Orb.
     0 | D:1      | Reached XP level 1. HP: 19/19 MP: 0/0
   311 | D:1      | Reached XP level 2. HP: 26/27 MP: 1/1
   383 | D:1      | Reached skill level 4 in Axes
   865 | D:1      | Reached ** piety under Trog
   885 | D:1      | Reached XP level 3. HP: 33/33 MP: 2/2
  1501 | D:2      | Found an ancient bone altar of Kikubaaqudgha.
  1561 | D:2      | Reached XP level 4. HP: 41/41 MP: 3/3
  1572 | D:2      | Found a faded altar of an unknown god.
  1572 | D:2      | Noticed an Executioner
  1956 | D:2      | Found a runed translucent door.
  1957 | D:2      | Noticed Crazy Yiuf
  1980 | D:2      | Reached skill level 5 in Axes
  2236 | D:3      | Reached *** piety under Trog
  2343 | D:3      | Gained mutation: Your muscles are strong. (Str +4, Int/Dex
                  | -1) [potion of mutation]
  2343 | D:3      | Gained mutation: You possess an exceptional clarity of
                  | mind. [potion of mutation]
  2343 | D:3      | Gained mutation: Your spells are a little harder to cast,
                  | but a little more powerful. [potion of mutation]
  2675 | D:4      | Found an iron altar of Okawaru.
  2711 | D:4      | Found a broken altar of Ashenzari.
  2790 | D:4      | Found a glowing golden altar of the Shining One.
  2796 | D:4      | Noticed a lemure
  2796 | D:4      | Noticed a lemure
  2797 | D:4      | Noticed Pikel
  2814 | D:4      | Killed a lemure
  2956 | D:4      | Reached skill level 5 in Fighting
  2962 | D:4      | Reached XP level 5. HP: 45/48 MP: 2/4
  2986 | D:4      | Noticed a lemure
  3036 | D:5      | Entered Level 5 of the Dungeon
  3061 | D:5      | Noticed Edmund
  3064 | D:5      | Noticed a centaur
  3066 | D:5      | Killed Edmund
  3067 | D:5      | Reached skill level 6 in Axes
  3067 | D:5      | Reached XP level 6. HP: 56/56 MP: 5/5
  3076 | D:5      | Shot with an arrow by a centaur

Illustrated notes

Levels and vault maps discovered:
D:1:      wander_arrival_chamber, layout_basic, minmay_domino_2
D:2:      layout_loops_ring, dreamdust_ecumenical_altar_sealed_demon,
          basic_altar, uniq_crazy_yiuf_cottage
D:3:      layout_rooms, dk_vineyard_3
D:4:      layout_cave_pods, kennysheep_little_box, tso_metal_star,
          nicolae_overflow_crystal_walls, okawaru_gym_becter, uniq_pikel
D:5:      layout_basic, general_overflow_altar, chequers_hall_statues_corner_a,
          minmay_increasing_density, uniq_eustachio, uniq_edmund

Skill      XL: |  1  2  3  4  5 |
---------------+----------------+-----
Fighting       | 4 5 |  5.5
Axes           | 4 5 6 |  6.7
Armour         | |  2.7
Dodging        | |  2.4

Action                   |  1- 3 |  4- 6 || total
-------------------------+-------+-------++-------
Melee: Hand axe          |   109 |    75 ||   184
       Headbutt          |    13 |    13 ||    26
Throw: Stone             |       |    20 ||    20
       Dart              |       |     5 ||     5
Invok: Berserk           |     1 |     2 ||     3
       Trog's Hand       |     1 |       ||     1
  Use: Potion            |     1 |     3 ||     4
       Scroll            |       |     6 ||     6
Armor: Animal skin       |     7 |       ||     7
       Leather armour    |    13 |     4 ||    17
       Ring mail         |       |    15 ||    15
Dodge: Dodged            |    60 |    47 ||   107
